 Adventure DCSS version bcrawl-1.18.1 (webtiles) character file.

Game seed: 16072057567009272338

0 Leeroy the Sneak (level 1, -3/12 HPs)
             Began as a Skeleton Sloth Apostle on Nov 11, 2019.
             Was an Initiate of Cheibriados.
             Slain by a worm (8 damage)
             ... on level 1 of the Dungeon.
             The game lasted 00:01:04 (462 turns).

Leeroy the Sneak (Skeleton Sloth Apostle)            Turns: 462, Time: 00:01:04

Health: -3/12      AC:  2    Str: 19      XL:     1   Next: 8%
Magic:  0/3        EV:  8    Int: 10 (11) God:    Cheibriados [......]
Gold:   53         SH:  9    Dex:  9      Spells: 2/3 levels left
                                        Lives:  0   Deaths: 2

rFire    . . .     SeeInvis .   a - +0 falchion
rCold    + . .     Gourm    .   c - +0 shield
rNeg     + + +     Faith    .   b - +0 robe
rPois    ∞         Spirit   +   (no helmet)
rElec    .         Reflect  .   (no cloak)
rCorr    .         Harm     .   (no gloves)
MR       .....                  (no boots)
Stlth    ++........             (no amulet)
HPRegen  0.04/turn              (no ring)
MPRegen  0.08/turn              (no ring)

@: slow
A: no food or potions, cold resistance 1, deterioration 1, negative energy
resistance 3, torment resistance, unbreathing, magic shield, sturdy frame 1,
spell healing
a: Bend Time, Renounce Religion


You were on level 1 of the Dungeon.
You worshipped Cheibriados.
Cheibriados was noncommittal.
You were not hungry.

You visited 1 branch of the dungeon, and saw 1 of its levels.

You collected 53 gold pieces.

Inventory:

Hand Weapons
 a - a +0 falchion (weapon)
Armour
 b - a +0 robe (worn)
 c - a +0 shield (worn)
Wands
 d - a wand of paralysis (10)
Scrolls
 e - a scroll of amnesia {unknown}
 f - a scroll of enchant armour {unknown}
 g - 3 scrolls of identify {unknown}
 h - a scroll of fear {unknown}


   Skills:
 + Level 2.0 Fighting
 + Level 2.8 Long Blades
 + Level 4.0 Stealth
 + Level 2.5 Shields
 + Level 1.5 Spellcasting
 + Level 1.1 Hexes
 + Level 0.8 Evocations


You had 2 spell levels left.
You knew the following spells:

 Your Spells              Type           Power        Failure   Level  Hunger
a - Slow                  Hex            #.......     71%         1    N/A
Your spell library was empty.

Dungeon Overview and Level Annotations

Branches:
Dungeon (1/12)

Altars:


Innate Abilities, Weirdness & Mutations

You do not eat or drink.
You are immune to poison.
Your flesh is cold resistant. (rC+)
Your body sometimes deteriorates upon taking damage.
You are immune to negative energy. (rN+++)
You are immune to unholy pain and torment.
You can survive without breathing.
When hurt, damage is shared between your health and your magic reserves.
Your movements are slightly less encumbered by armour. (ER -2)
Casting spells heals you.


Message History

You hit the worm but do no damage.
The worm is moderately wounded.
The worm bites you!
Ouch! That really hurt!
You hit the worm but do no damage.
The worm is lightly wounded.
The worm completely misses you.
You hit the worm but do no damage.
The worm is lightly wounded.
The worm bites you.
You completely miss the worm.
The worm is lightly wounded.
Your shield prevents you from hitting the worm.
The worm is lightly wounded.
You block the worm's attack.
You hit the worm.
The worm is lightly wounded.
The worm bites you!
Ouch! That really hurt!
You die...

#####.##.....########........
#.######## #..######
#####.############# #).#
..................# #..#
#####.###########.# #..#
#.##### #.# #..# #.##.<# #.#
#..# #.##..# ##.# #b.#
#.##..# #+#@.# #..#
#.##..####.w..# #..#
#.##'##.....#.# #..#
#..#.......##.###..#
#......#+####..##..# #.#..###
##.##..# #.#### #)##..# #+#
#.# #(#


You could see a worm.

Vanquished Creatures
  A giant cockroach (D:1)
  3 goblins (D:1)
  A hobgoblin (D:1)
  A kobold (D:1)
  A rat (D:1)
7 creatures vanquished.

Notes
Turn   | Place    | Note
-------+----------+-------------------------------------------
     0 | D:1      | Leeroy the Skeleton Sloth Apostle began the quest for the
                  | Orb.
     0 | D:1      | Reached XP level 1. HP: 12/12 MP: 3/3
    65 | D:1      | Slain by a worm
   130 | D:1      | Reached skill level 4 in Stealth
   288 | D:1      | Slain by a bat
   462 | D:1      | Slain by a worm

Skill      XL: |  1 |
---------------+----+-----
Stealth        | 4 |  4.0
Fighting       | |  2.0
Long Blades    | |  2.8
Shields        | |  2.5
Spellcasting   | |  1.5
Hexes          | |  1.1
Evocations     | |  0.8

Action                   || total
-------------------------++-------
Melee: Falchion          ||    53
Invok: Bend Time         ||     1
 Stab: Sleeping          ||     4
Armor: Robe              ||     6
Dodge: Dodged            ||    17
Block: Shield            ||    27
